 Dungeon Crawl Stone Soup version 0.19-a0-1886-gd64a0f0 (webtiles) character file.

126 Odds the Insei (level 4, -3/32 HPs)
             Began as a Demonspawn Transmuter on Oct 16, 2016.
             Slain by Amnesiac's ghost (26 damage)
             ... on level 5 of the Dungeon.
             The game lasted 00:08:44 (3143 turns).

Odds the Insei (Demonspawn Transmuter)              Turns: 3143, Time: 00:08:45

Health: -3/32      AC:  3    Str: 11    XL:     4   Next: 83%
Magic:  6/7        EV: 12    Int: 15    God:
Gold:   142        SH:  0    Dex: 15    Spells: 3 memorised, 1 level left

rFire  . . .     SeeInvis .       - Unarmed
rCold  . . .     Gourm    .     b - +1 robe
rNeg   . . .     Faith    .     (no shield)
rPois  .         Spirit   .     (no helmet)
rElec  .         Dismiss  .     (no cloak)
rCorr  .         Reflect  .     (no gloves)
MR     .....     Harm     .     (no boots)
Stlth  ++........               (no amulet)
                                (no ring)
                                (no ring)

@: appendage (expiring)
A: claws 1, horns 2, thin skeletal structure 1
a: End Transformation


You were on level 5 of the Dungeon.
You were not hungry.
You had grown temporary horns.
You visited 1 branch of the dungeon, and saw 5 of its levels.
You also visited: Sewer.

You collected 142 gold pieces.

Inventory:

Missiles
 a - 78 arrows
Armour
 b - a +1 robe (worn)
 e - a +0 ring mail
Wands
 i - a wand of confusion (9/48)
Scrolls
 m - a scroll of enchant weapon
 o - a scroll of enchant armour
Potions
 g - 2 potions of ambrosia {unknown}
Books
 c - a book of Changes

   Spells                             Type                      Level
   a - Beastly Appendage              Transmutation                1
   b - Sticks to Snakes               Transmutation                2
   c - Spider Form                    Transmutation/Poison         3
   d - Ice Form                       Ice/Transmutation            4
   e - Blade Hands                    Transmutation                5
 l - a book of Cantrips

   Spells                             Type                      Level
   a - Confusing Touch                Hexes                        1
   b - Animate Skeleton               Necromancy                   1
   c - Summon Small Mammal            Summoning                    1
   d - Apportation                    Translocation                1
Comestibles
 d - 4 bread rations
 f - 2 chunks of flesh
 h - 3 meat rations


   Skills:
 - Level 1.0 Fighting
 - Level 1.7 Dodging
 - Level 4.4 Unarmed Combat
 - Level 2.0 Spellcasting
 + Level 2.4 Transmutations
 + Level 1.4 Poison Magic


You had one spell level left.
You knew the following spells:

 Your Spells              Type           Power        Failure   Level  Hunger
a - Beastly Appendage     Tmut           #.....       12%         1    #......
b - Sticks to Snakes      Tmut           #.......     14%         2    ###....
c - Spider Form           Tmut/Pois      #.........   34%         3    ###....


Dungeon Overview and Level Annotations

Branches:
Dungeon (6/15)
 Temple: D:4-7

Altars:
Sif Muna
Trog
The Shining One

Annotations:
D:5 Amnesiac's ghost, novice OgHu


Innate Abilities, Weirdness & Mutations

You have sharp fingernails.
You have a somewhat thin skeletal structure. (Dex +2, Stealth)
You have a pair of horns on your head.


Message History

Your talons disappear.
Press: ? - help, v - describe, . - travel
Here: Amnesiac's ghost The floor.
Casting: Beastly Appendage
Confirm with . or Enter, or press ? or * to list all spells.
You grow a pair of large bovine horns.
You scratch Amnesiac's ghost.
Amnesiac's ghost is lightly damaged.
Amnesiac's ghost barely misses you.
You barely miss Amnesiac's ghost. You claw Amnesiac's ghost.
Amnesiac's ghost is lightly damaged.
Amnesiac's ghost hits you!
You scratch Amnesiac's ghost.
Amnesiac's ghost is lightly damaged.
Amnesiac's ghost barely misses you.
Your transformation is almost over.
Amnesiac's ghost hits you!!
Ouch! That really hurt!
You die...

.....######..........#
#.##.....##.>...>....#
.........##..........#
....###..............#
...W####.............#
.(.......#...........#
.###.................#
.....######..........#
.....####......#@....#
...#............W....#
.....##..............#
................######
...###..........#
##.........#
#..)......#
#.........#
#.........#


You could see Amnesiac's ghost.

Vanquished Creatures
  A howler monkey (D:6)
  A worker ant (D:6)
  An adder (D:6)
  An ooze (D:1)
  2 worms
  2 leopard geckos
  An orc (D:5)
  A giant cockroach (D:1)
  3 goblins
  9 hobgoblins
  4 jackals
  5 kobolds
  2 bats (D:1)
  5 frilled lizards
  A leopard gecko zombie (D:6)
  5 rats
44 creatures vanquished.

Notes
Turn   | Place    | Note
-------+----------+-------------------------------------------
     0 | D:1      | Odds the Demonspawn Transmuter began the quest for the Orb.
     0 | D:1      | Reached XP level 1. HP: 15/15 MP: 3/3
    29 | D:1      | Reached skill level 3 in Unarmed Combat
   210 | D:1      | Gained mutation: You have a somewhat thin skeletal structure. (Dex +2, Stealth) [demonic ancestry]
   210 | D:1      | Reached XP level 2. HP: 11/21 MP: 3/5
   301 | D:1      | Learned a level 2 spell: Sticks to Snakes
   542 | D:1      | Found a glowing golden altar of the Shining One.
  1039 | D:2      | Found a bloodstained altar of Trog.
  1479 | D:2      | Gained mutation: You have sharp fingernails. [demonic ancestry]
  1479 | D:2      | Reached XP level 3. HP: 22/26 MP: 4/6
  1486 | D:2      | Learned a level 3 spell: Spider Form
  1753 | D:3      | Reached skill level 4 in Unarmed Combat
  2078 | D:3      | Found a deep blue altar of Sif Muna.
  2168 | D:3      | You fall through a shaft for 3 floors!
  2424 | D:6      | Noticed an ogre
  2479 | D:6      | Found a glowing drain.
  2484 | Sewer    | Entered a sewer
  2487 | Sewer    | Noticed KarmaPolice's ghost (amateur HaHu)
  2747 | D:6      | Reached XP level 4. HP: 17/32 MP: 7/7
  2936 | D:6      | Reached skill level 1 in Poison Magic
  2967 | D:5      | Entered Level 5 of the Dungeon
  3116 | D:5      | Noticed Amnesiac's ghost (novice OgHu)
  3129 | D:5      | Noticed a phantom
  3143 | D:5      | Slain by Amnesiac's ghost

Vault maps used:
D:1:      kilobyte_arrival_exit_the_forest, tso_metal_star
D:2:      nicolae_overflow_crystal_walls
D:3:      marbit_many_paths, minmay_misc_feat_iff
D:5:      first_bread, uniq_pikel
D:6:      lightli_sewer_entry_pipes, minmay_fountain_box, uniq_blork_the_orc
Sewer:    sewer_minmay_treatment

Skill      XL: |  1  2  3  4 |
---------------+-------------+-----
Unarmed Combat | 3 4 |  4.4
Transmutations | 2 |  2.4
Poison Magic   | 1 |  1.4
Fighting       | |  1.0
Dodging        | |  1.7
Spellcasting   | |  2.0

Action                   |  1- 3 |  4- 6 || total
-------------------------+-------+-------++-------
Melee: Unarmed           |   162 |    24 ||   186
       Kick              |    14 |       ||    14
       Headbutt          |     4 |     2 ||     6
       Punch             |     1 |     1 ||     2
 Cast: Beastly Appendage |    30 |     5 ||    35
  Use: Scroll            |     8 |       ||     8
       Potion            |     5 |       ||     5
 Stab: Sleeping          |     4 |       ||     4
  Eat: Chunk             |     6 |       ||     6
       Pizza             |     1 |       ||     1
Armor: Robe              |    37 |     3 ||    40
Dodge: Dodged            |   100 |    13 ||   113
